 Dungeon Crawl Stone Soup version 0.31-a0-321-g19405a7a6a (webtiles) character file.

Game seed: 12410426702553113039

669 cforsyth the Changeling (level 7, -1/48 (55) HPs)
             Began as a Vampire Shapeshifter on July 18, 2023.
             Slain by an endoplasm (3 damage)
             ... on level 4 of the Dungeon.
             The game lasted 00:06:05 (3490 turns).

cforsyth the Changeling (Vampire Shapeshifter)      Turns: 3490, Time: 00:06:06

HP:   -1/48 (55)    AC:  5    Str: 16    XL:     7   Next: 32%
MP:   7/7           EV: 11    Int: 10    God:
Gold: 129           SH:  5    Dex: 15    Spells: 6/6 levels left

rFire   . .          .
                       - Unarmed
rCold   . . .        (no shield)
rNeg    . . .        q - +0 ring mail
rPois   .            (helmet currently unavailable)
rElec   .            (cloak currently unavailable)
rCorr   .            (gloves currently unavailable)
SInv    +            (boots currently unavailable)
Will    .....        e - amulet of reflection
Stlth   +            (no ring)
HPRegen 0.48/turn    (no ring)
MPRegen 0.10/turn

%: reflection
@: beast-form, healing quickly, heavily drained
A: beast (slay +3), alive, fangs 3, see invisible, vampiric 2
a: Exsanguinate, Begin Untransformation


You were on level 4 of the Dungeon.
You were a hulking beast.
You visited 1 branch of the dungeon, and saw 4 of its levels.

You collected 198 gold pieces.
You spent 69 gold pieces at shops.

Inventory:

Missiles
 j - a throwing net
Armour
 a - a +0 animal skin
 p - a +1 pair of gloves
 q - a +0 ring mail (worn)
Jewellery
 e - an amulet of reflection (around neck)
 n - an amulet of guardian spirit
 t - an amulet of the acrobat
Talismans
 c - a beast talisman
Wands
 h - a wand of roots (1)
Scrolls
 d - a scroll of acquirement {unknown}
 f - a scroll of silence
 g - a scroll of blinking
 i - 2 scrolls of teleportation
 k - a scroll of immolation
 l - a scroll of butterflies {unknown}
 m - a scroll of amnesia {unknown}
 o - a scroll of enchant armour {unknown}
 r - 2 scrolls of enchant weapon
Potions
 u - a potion of attraction


   Skills:
 + Level 4.4 Fighting
 - Level 3.0 Dodging
 + Level 5.2 Unarmed Combat
 + Level 5.3 Shapeshifting


You had 6 spell levels left.
You didn't know any spells.
Your spell library contained the following spells:

 Spells                   Type           Power      Damage    Failure   Level
 Blink                    Tloc           0%         N/A       73%         2
 Cigotuvi's Dreadful Rot  Necr/Pois/Air  0%         N/A       73%         2
 Lesser Beckoning         Tloc           0%         N/A       73%         2
 Momentum Strike          Conj/Tloc      0%         3d8       73%         2
 Static Discharge         Conj/Air       0%         2-2/arc   73%         2
 Mephitic Cloud           Conj/Pois/Air  0%         N/A       91%         3
 Vhi's Electric Charge    Tloc/Air       0%         N/A       91%         3


Dungeon Overview and Level Annotations

Branches:
Dungeon (4/15)
 Temple: D:4-7

Altars:
Hepliaklqana
Makhleb
Okawaru
Qazlal
Ru

Shops:
D:4 *

Annotations:
D:4 Dowan


Innate Abilities, Weirdness & Mutations

You are a hulking beast.
Your limbs bulge with bestial killing power. (Slay +3)
Your natural rate of healing is accelerated.
You have razor-sharp teeth.
You have supernaturally acute eyesight. (SInv)
You are afflicted with vampirism and can become a bat while bloodless.


Message History

You feel drained.
The endoplasm hits you but does no damage.
Okay, then.
You hit Duvessa.
Duvessa is almost dead.
You block Duvessa's attack.
You hit Duvessa but do no damage.
Duvessa is almost dead.
Duvessa hits you but does no damage. Dowan hits you but does no damage.
You feel drained. The endoplasm freezes you.
You are frozen.
* * * LOW HITPOINT WARNING * * *
Duvessa hits you but does no damage.
You hit Duvessa.
You kill Duvessa!
Dowan screams, "No!
Oh no!"
Dowan seems to find hidden reserves of power!
Dowan hits you but does no damage.
You feel drained.
The endoplasm hits you but does no damage.
You closely miss Dowan. Dowan hits you but does no damage.
You feel drained.
The endoplasm hits you but does no damage.
Dowan hits you but does no damage.
You feel drained.
Unknown command.
You closely miss Dowan.
Dowan hits you with a +2 dagger of draining!
* * * LOW HITPOINT WARNING * * *
You feel drained.
* * * LOW HITPOINT WARNING * * *
The endoplasm freezes you.
You are frozen.
* * * LOW HITPOINT WARNING * * *
Unknown command.
You hit Dowan but do no damage.
You feel less wooden.
Your +0 ring mail unmelds from your body.
You turn into a hulking beast.
Dowan mumbles some strange words.
Dowan blinks!
The endoplasm hits you.
You die...

#....### ## ###)...# #.
#. #...#.#####.
##..####.###.#...#.
.......#.....#._.#.
###########.'#####....#.
...............# ######.
....##.######.# #. .
#h)# .# #. .......§J# #
##. .!#.###..# #..
##.#.#.. #.. #._.. #..
#.. ## .... #.. #.. #..
... #.# #.. ....e .# #..
##.#. # #..


You could see Dowan (fast) and an endoplasm.

Vanquished Creatures
  Duvessa (D:4)
  An ice beast (D:4)
  An ogre (D:4)
  A hound (D:4)
  A gnoll bouda (D:4)
  An iguana (D:4)
  Jessica (D:3)
  Terence (D:3)
  Natasha (twice) (D:4)
  A sleepcap (D:4)
  Robin (D:3)
  3 gnolls (D:4)
  6 adders
  2 dart slugs (D:1)
  5 orcs (D:4)
  9 bats
  4 endoplasms
  2 giant cockroaches
  14 goblins
  7 hobgoblins
  5 jackals
  4 quokkas
  3 ball pythons
  8 frilled lizards
  6 kobolds
  6 rats
96 creatures vanquished.

Notes
Turn   | Place    | Note
-------+----------+-------------------------------------------
     0 | D:1      | cforsyth the Vampire Shapeshifter began the quest for the
                  | Orb.
     0 | D:1      | Reached XP level 1. HP: 16/16 MP: 1/1
   302 | D:1      | Reached XP level 2. HP: 22/22 MP: 2/2
   933 | D:2      | Gained mutation: You are afflicted with vampirism and can
                  | become a bat while bloodless. [Vampire growth]
   933 | D:2      | Reached XP level 3. HP: 18/27 MP: 3/3
  1027 | D:2      | Identified the +0 pair of boots "Ucig" {Will+}
  1052 | D:2      | Got the Elucidation of Electricity and Topology
  1572 | D:3      | Noticed Robin
  1630 | D:3      | Killed Robin
  1633 | D:3      | Reached XP level 4. HP: 28/34 MP: 4/4
  1673 | D:3      | Noticed Terence
  1688 | D:3      | Killed Terence
  1804 | D:3      | Found a stormy altar of Qazlal.
  1869 | D:3      | Found a hazy altar of Hepliaklqana.
  2202 | D:3      | Noticed Jessica
  2208 | D:3      | Killed Jessica
  2209 | D:3      | Reached XP level 5. HP: 37/40 MP: 5/5
  2392 | D:4      | Noticed an ice beast
  2587 | D:4      | Noticed Natasha
  2596 | D:4      | Killed Natasha
  2681 | D:4      | Killed an ice beast
  2682 | D:4      | Reached XP level 6. HP: 11/47 MP: 6/6
  2817 | D:4      | Found Cuham's Assorted Antiques.
  2923 | D:4      | Bought a scroll labelled LOVEEG IDIO for 23 gold pieces
  2923 | D:4      | Bought 2 scrolls labelled SAFI JATTOU for 46 gold pieces
  2947 | D:4      | Found a sacrificial altar of Ru.
  3054 | D:4      | Found an iron altar of Okawaru.
  3295 | D:4      | Reached skill level 5 in Shapeshifting
  3337 | D:4      | Reached XP level 7. HP: 45/54 MP: 7/7
  3392 | D:4      | Reached skill level 5 in Unarmed Combat
  3435 | D:4      | Found a burning altar of Makhleb.
  3439 | D:4      | Noticed Natasha
  3444 | D:4      | Killed Natasha
  3454 | D:4      | Noticed Duvessa
  3456 | D:4      | Noticed Dowan
  3487 | D:4      | Killed Duvessa
  3489 | D:4      | HP: 2/72 [frozen (4)]
  3490 | D:4      | Slain by an endoplasm

Illustrated notes

Levels and vault maps discovered:
D:1:      heliophobic_arrival_enchanted_forest, layout_loops_corners
D:2:      layout_loops_ring
D:3:      layout_basic, nicolae_hepliaklqana_hippocampus, grunt_qazlal_clouds,
          uniq_jessica, uniq_terence, uniq_robin
D:4:      layout_basic, lemuel_tele_altar, mainiacjoe_overflow_swirl,
          serial_shops, nicolae_shop_waterfront, minmay_ruined_shrine,
          uniq_duvessa, uniq_natasha

Skill      XL: |  1  2  3  4  5  6  7 |
---------------+----------------------+-----
Fighting       | 2 3 4 |  4.4
Dodging        | 3 |  3.0
Unarmed Combat | 3 4 5 |  5.2
Shapeshifting  | 4 5 |  5.3

Action                     |  1- 3 |  4- 6 |  7- 9 || total
---------------------------+-------+-------+-------++-------
  Melee: Unarmed           |   104 |   172 |    45 ||   321
         Bite              |     6 |    12 |     2 ||    20
         Punch             |       |     5 |     3 ||     8
    Use: Potion            |       |     4 |     1 ||     5
         Scroll            |       |     8 |       ||     8
   Stab: Sleeping          |     2 |       |       ||     2
 Armour: Animal skin       |    19 |       |       ||    19
         Skin              |       |    26 |    37 ||    63
         Ring mail         |       |    36 |       ||    36
  Dodge: Dodged            |    52 |    56 |     8 ||   116
  Block: Other             |     4 |    38 |    10 ||    52

Table legend: (Time is in decaauts)
 A = Elapsed time spent in this place.
 B = Non-inter-level travel time spent in this place.
 C = Inter-level travel time spent in this place.
 D = Time resting spent in this place.
 E = Time spent auto-exploring this place.
 F = Levels seen in this place.
 G = Mean time per level.
                   A        B        C        D        E       F      G
               +--------+--------+--------+--------+--------+-----+--------+
         Total |   3469 |   3382 |     87 |    152 |   2477 |   4 |  867.2 |
       Dungeon |   3469 |   3382 |     87 |    152 |   2477 |   4 |  867.2 |
               +--------+--------+--------+--------+--------+-----+--------+

Top non-repeatable levels by time:
     D:3: 1011 daAuts
     D:1: 895 daAuts
     D:4: 883 daAuts
     D:2: 679 daAuts
